 Dungeon Crawl Stone Soup version 0.16.1 (webtiles) character file.

417 Ladykiller69 the Cudgeler (level 7, -12/52 HPs)
             Began as a Formicid Gladiator on Mar 24, 2015.
             Mangled by an ogre
             ... wielding a +0 giant club
              (19 damage)
             ... on level 4 of the Dungeon.
             The game lasted 00:12:51 (3299 turns).

Ladykiller69 the Cudgeler (Formicid Gladiator)      Turns: 3299, Time: 00:12:51

Health: -12/52     AC:  9    Str: 22    XL:     7   Next: 15%
Magic:  9/9        EV:  9    Int:  7    God:
Gold:   220        SH:  0    Dex: 11    Spells: 0 memorised, 6 levels left

rFire  . . .     SeeInvis +     a - +0 flail
rCold  . . .     Clarity  .     y - +0 chain mail
rNeg   + . .     SustAb   .     (no shield)
rPois  .         Gourm    .     (helmet unavailable)
rElec  .         Spirit   .     (no cloak)
rCorr  .         Warding  .     (no gloves)
rMut   .         Stasis   +     c - +0 pair of boots
MR     .....                    (no amulet)
Stlth  ..........               (no ring)
                                i - ring of positive energy

@: not resistant to hostile enchantments, extremely unstealthy
A: permanent stasis, dig shafts and tunnels, four strong arms, antennae 3
a: Dig, Shaft Self


You were on level 4 of the Dungeon.
You were hungry.

You visited 2 branches of the dungeon, and saw 6 of its levels.

You collected 220 gold pieces.

Inventory:

Hand weapons
 a - a +0 flail (weapon)
Missiles
 d - 3 throwing nets (quivered)
 u - 7 tomahawks of returning
Armour
 b - a +0 leather armour
 c - a +0 pair of boots (worn)
 n - a +0 ring mail
 y - a +0 chain mail (worn)
 B - a +0 chain mail
Jewellery
 i - a ring of positive energy (left hand)
Scrolls
 e - a scroll of fear {unknown}
 g - 4 scrolls of identify {unknown}
 h - a scroll of amnesia {unknown}
 m - a scroll of blinking {unknown}
 o - a scroll of noise {unknown}
 p - a scroll of enchant armour {unknown}
 s - a scroll of enchant weapon {unknown}
 x - a scroll of random uselessness {unknown}
 z - a scroll of fog {unknown}
 A - 2 scrolls of immolation {unknown}
 C - 2 scrolls of teleportation {unknown}
 D - a scroll of magic mapping {unknown}
Potions
 j - a potion of heal wounds {unknown}
 l - 2 potions of curing
 q - a potion of agility {unknown}
 r - a potion of cure mutation {unknown}
 t - a potion of mutation {unknown}
 v - a potion of might {unknown}
 w - a potion of magic {unknown}
Comestibles
 f - 4 bread rations
 k - a meat ration


   Skills:
 + Level 3.5 Fighting
 * Level 5.2 Maces & Flails
 + Level 2.7 Throwing
 + Level 2.4 Armour
 + Level 3.6 Dodging


You had 6 spell levels left.
You didn't know any spells.

Dungeon Overview and Level Annotations

Branches:
Dungeon (5/15)             Temple (1/1) D:4

Altars:
Elyvilon
Fedhas
Nemelex Xobeh
Qazlal
Ru
Trog
Xom
Yredelemnul
Zin
The Shining One

Shops:
D:5 :


Innate Abilities, Weirdness & Mutations

You are under a permanent stasis effect.
You can dig through walls and to a lower floor.
Your four strong arms can wield two-handed weapons with a shield.
You have a pair of large antennae on your head (SInv).


Message History

The giant frog hits you but does no damage.
You closely miss the giant frog.
The giant frog is moderately wounded.
The giant frog barely misses you. The giant frog hits you.
You hit the giant frog!
The giant frog is severely wounded.
The giant frog hits you.
You hit the giant frog.
The giant frog is almost dead.
The giant frog hits you.
* * * LOW HITPOINT WARNING * * *
The giant frog hits you.
* * * LOW HITPOINT WARNING * * *
Use which ability? (? or * to list)
You can't do that.
You hit the giant frog.
You kill the giant frog!
You have reached level 7!
You swing at nothing.
The ogre hits you with a giant club!!
You die...

.####.##.## ########.....# #.
...a......+ +.....o.o....+ ..
.#..#..#.## #####.##...(.# #.
##..##.#.############.##.....###.
.......(..............##......##(
###########...........#####......
#..........g....# #......
#.###.###.O####.# #......
#.###...#.@####... ###....
###.##....#....##....# #....
#......_.......##....# ##'##.
#...#....##.#..##.... #⌠.⌠##
####...#...###.#..# . # ##...#
#......###.###.#..# ##...
#...#..........#(.## ##.†
##...#......######..#+## ##⌠
.......###.............#######.##


You could see an ogre and a goblin.

Vanquished Creatures
  Sigmund (D:3)
  A giant frog (D:4)
  A scorpion (D:4)
  A giant frog skeleton (D:5)
  A worker ant (D:4)
  Jessica (D:3)
  A hound skeleton (D:4)
  8 adders
  A worm (D:2)
  A giant gecko (D:3)
  An ooze (D:1)
  2 orcs (D:3)
  5 bats
  A bat skeleton (D:4)
  4 giant cockroaches
  10 goblins
  6 hobgoblins
  2 quokkas
  A ball python (D:4)
  8 giant newts
  6 jackals
  6 kobolds
  8 rats
77 creatures vanquished.

Notes
Turn   | Place    | Note
--------------------------------------------------------------
     0 | D:1      | Ladykiller69, the Formicid Gladiator, began the quest for the Orb.
     0 | D:1      | Reached XP level 1. HP: 16/16 MP: 1/1
    72 | D:1      | Reached XP level 2. HP: 8/22 MP: 3/3
   552 | D:2      | Reached XP level 3. HP: 22/27 MP: 4/4
   921 | D:2      | Found a glowing golden altar of the Shining One.
  1006 | D:2      | Reached skill level 1 in Armour
  1006 | D:2      | Reached XP level 4. HP: 23/34 MP: 5/5
  1585 | D:3      | Found a white marble altar of Elyvilon.
  1742 | D:3      | Reached XP level 5. HP: 37/40 MP: 7/7
  1873 | D:3      | Noticed Sigmund
  1899 | D:3      | Killed Sigmund
  1899 | D:3      | Reached skill level 4 in Maces & Flails
  2124 | D:3      | Noticed Jessica
  2132 | D:3      | Reached XP level 6. HP: 42/47 MP: 8/8
  2143 | D:3      | Killed Jessica
  2508 | D:4      | Found a staircase to the Ecumenical Temple.
  2517 | Temple   | Entered the Ecumenical Temple
  2616 | D:4      | Found a stormy altar of Qazlal.
  2853 | D:4      | You fall through a shaft!
  2853 | D:5      | Entered Level 5 of the Dungeon
  3039 | D:5      | Reached skill level 5 in Maces & Flails
  3109 | D:5      | Found Barraczi's Book Boutique.
  3291 | D:4      | Reached XP level 7. HP: 6/52 MP: 9/9
  3299 | D:4      | Mangled by an ogre

Action                   |  1- 3 |  4- 6 |  7- 9 || total
-------------------------+-------+-------+-------++-------
Melee: Flail             |    99 |   199 |       ||   298
 Abil: Dig               |       |     1 |       ||     1
       Shaft Self        |       |     1 |       ||     1
  Use: Potion            |       |     1 |       ||     1
  Eat: Chunk             |       |     8 |       ||     8
